 Dungeon Crawl Stone Soup version 0.30-a0-533-g4794bfbd1c (webtiles) character file.

Game seed: 727603010361231711

1624584 rigao the Pyromancer (level 27, 122/192 HPs)
             Began as a Gargoyle Conjurer on Dec 24, 2022.
             Was the Champion of Vehumet.
             Escaped with the Orb
             ... and 4 runes!
             The game lasted 03:50:53 (142315 turns).

rigao the Pyromancer (Gargoyle Conjurer)          Turns: 142315, Time: 03:50:54

Health: 122/192    AC: 55    Str: 25      XL:     27
Magic:  12/38      EV: 21    Int: 27 (29) God:    Vehumet [******]
Gold:   6099       SH: 13    Dex: 16      Spells: 9/49 levels left

rFire   + + .      SeeInvis .    a - +9 demon whip (elec)
rCold   + . .      Faith    .    y - +3 buckler {AC+3}
rNeg    + + .      Spirit   .    J - +7 swamp dragon scales
rPois   ∞          Reflect  +    u - +2 helmet
rElec   +          Harm     .    B - +2 cloak {Will+}
rCorr   .          Rampage  .    f - +0 pair of gloves "Zypsigh" {Str+6 Dex+2}
Will    ++++.                    E - -2 pair of boots of the Gusle {Contam rElec Will+ Dex+6}
Stlth   +                        Z - amulet of reflection
HPRegen 0.00/turn                X - ring "Moiwkof" {rElec rC+ Str+6}
MPRegen 0.26/turn                A - ring of Yceassi {rElec rF++ rN+ EV+4 Dex-4}

@: flying, inhibited regen, studying Throwing
A: sickness immunity, AC +20, big wings, negative energy resistance 1,
electricity resistance, torment resistance 1, petrification resistance, agile 1,
inhibited regeneration, devolution 1
0: Orb of Zot
}: 4/15 runes: barnacled, slimy, silver, gossamer
a: Renounce Religion


You escaped.
You worshipped Vehumet.
Vehumet was exalted by your worship.
You visited 12 branches of the dungeon, and saw 56 of its levels.
You visited the Abyss 1 time.
You also visited: Bailey and Ice Cave.

You collected 9562 gold pieces.
You spent 3463 gold pieces at shops.

Inventory:

Hand Weapons
 a - a +9 demon whip of electrocution (weapon)
Missiles
 L - 5 throwing nets
Armour
 f - the +0 pair of gloves "Zypsigh" (worn) {Str+6 Dex+2}
   (You found it on level 5 of the Vaults)

   Str:       It affects your strength (+6).
   Dex:       It affects your dexterity (+2).
 r - a +1 tower shield of cold resistance
 u - a +2 helmet (worn)
 y - a +3 buckler of protection (worn)
 B - a +2 cloak of willpower (worn)
 D - a +0 kite shield of reflection
 E - the -2 pair of boots of the Gusle (worn) {Contam rElec Will+ Dex+6}
   (You found it on level 5 of the Vaults)

   Dex:       It affects your dexterity (+6).
   rElec:     It insulates you from electricity.
   Contam:    It causes magical contamination when unequipped.
   Will:      It increases your willpower.
 J - +7 swamp dragon scales (worn)
 M - the +1 hat "Xebipt" {*Slow rF+ MP+9 Str+4}
   (You acquired it on level 3 of the Vaults)

   Str:       It affects your strength (+4).
   rF:        It protects you from fire.
   MP:        It affects your magic capacity (+9).
   *Slow:     It may slow you when you take damage.
 P - the +1 hat of Prudence {rElec rN++ Regen+ Dex-5}
   (You found it on level 3 of the Lair of Beasts)

   Dex:       It affects your dexterity (-5).
   rElec:     It insulates you from electricity.
   rN:        It greatly protects you from negative energy.
   Regen:     It increases your rate of health regeneration.
Magical Staves
 b - a staff of conjuration
Jewellery
 h - a ring of willpower
 i - the ring of Peace {rN+ Int+6}
   (You found it on level 3 of the Crypt)

   [ring of positive energy]

   Int:       It affects your intelligence (+6).
   rN:        It protects you from negative energy.
 x - the amulet "Caluorph" {Faith rPois rN+ Int+4}
   (You found it on level 1 of the Realm of Zot)

   [amulet of faith]

   It allows you to gain divine favour quickly.
   Int:       It affects your intelligence (+4).
   rPois:     It protects you from poison.
   rN:        It protects you from negative energy.
 A - the ring of Yceassi (right hand) {rElec rF++ rN+ EV+4 Dex-4}
   (You acquired it on level 2 of the Lair of Beasts)

   [ring of evasion]

   EV:        It affects your evasion (+4).
   Dex:       It affects your dexterity (-4).
   rF:        It greatly protects you from fire.
   rElec:     It insulates you from electricity.
   rN:        It protects you from negative energy.
 F - a ring of wizardry
 U - the ring of the Muttering Coward {Ice rPois Dex+4}
   (You took it off Josephina on level 2 of the Depths)

   [ring of ice]

   It enhances your ice magic.
   Dex:       It affects your dexterity (+4).
   rF:        It makes you vulnerable to fire.
   rC:        It protects you from cold.
   rPois:     It protects you from poison.
 X - the ring "Moiwkof" (left hand) {rElec rC+ Str+6}
   (You found it on level 11 of the Dungeon)

   [ring of strength]

   Str:       It affects your strength (+6).
   rC:        It protects you from cold.
   rElec:     It insulates you from electricity.
 Z - an amulet of reflection (around neck)
Wands
 I - a wand of charming (52)
 N - a wand of acid (18)
 R - a wand of roots (25)
 T - a wand of digging (3)
Scrolls
 c - 13 scrolls of fog
 l - 5 scrolls of magic mapping
 s - 7 scrolls of poison
 C - 8 scrolls of vulnerability
 G - 4 scrolls of teleportation
 K - 8 scrolls of blinking
 S - 7 scrolls of fear
 V - a scroll of silence
 W - 5 scrolls of enchant armour
 Y - a scroll of butterflies
Potions
 d - 15 potions of attraction
 e - a potion of haste
 g - a potion of mutation
 j - a potion of brilliance
 k - 5 potions of resistance
 m - 3 potions of invisibility
 n - 27 potions of curing
 q - 8 potions of cancellation
 v - 11 potions of lignification
 w - 8 potions of might
 z - 2 potions of berserk rage
 O - 4 potions of heal wounds
 Q - 9 potions of ambrosia
Miscellaneous
 o - a box of beasts
 p - a condenser vane
 t - a phantom mirror


   Skills:
 - Level 24.7 Fighting
 - Level 12.0 Maces & Flails
 + Level 22.7 Armour
 - Level 12.1 Dodging
 - Level 2.1 Stealth
 - Level 5.0 Shields
 - Level 11.5 Spellcasting
 + Level 25.8 Conjurations
 - Level 5.0 Hexes
 - Level 6.5 Necromancy
 + Level 26.2 Fire Magic
 - Level 11.5 Earth Magic


You had 9 spell levels left.
You knew the following spells:

 Your Spells              Type           Power      Damage    Failure   Level
a - Ignition              Fire           51%        3d14      1%          8
b - Borgnjor's Vile Clut  Necr/Erth      29%        N/A       4%          5
e - Fireball              Conj/Fire      51%        3d20      0%          5
f - Orb of Destruction    Conj           50%        9d13      1%          7
g - Iron Shot             Conj/Erth      43%        9d8       1%          6
h - Fire Storm            Conj/Fire      51%        8d13      4%          9

Your spell library contained the following spells:

 Spells                   Type           Power      Damage    Failure   Level
 Polar Vortex             Ice            7%         N/A       100%        9
 Kiss of Death            Conj/Necr      100%       2d13      0%          1
 Magic Dart               Conj           100%       1d8       0%          1
 Scorch                   Fire           100%       2d10      0%          2
 Searing Ray              Conj           100%       2d8       0%          2
 Stone Arrow              Conj/Erth      100%       3d13      0%          3
 Flame Wave               Conj/Fire      100%       2d21      0%          4
 Sticky Flame             Conj/Fire      100%       2d11      0%          4
 Iskenderun's Battlesphe  Conj           100%       2d15      0%          5
 Starburst                Conj/Fire      51%        6d14      0%          6
 Freeze                   Ice            60%        1d7       1%          1
 Necrotise                Necr           100%       1d9       1%          1
 Sandblast                Erth           100%       2d20      1%          1
 Shock                    Conj/Air       100%       1d9       1%          1
 Momentum Strike          Conj/Tloc      100%       3d10      1%          2
 Passwall                 Tmut/Erth      38%        N/A       1%          2
 Static Discharge         Conj/Air       100%       2-7/arc   1%          2
 Dazzling Flash           Conj/Hex       100%       N/A       1%          3
 Hailstorm                Conj/Ice       71%        3d15      1%          3
 Inner Flame              Hex/Fire       79%        N/A       1%          3
 Kindle Blastsparks       Fire/Tloc/Air  100%       2d18      1%          3
 Mephitic Cloud           Conj/Pois/Air  58%        N/A       1%          3
 Vampiric Draining        Necr           50%        2d9       1%          3
 Fulminant Prism          Conj/Hex       39%        3d18      1%          4
 Iskenderun's Mystic Bla  Conj/Tloc      71%        2d14      1%          4
 Arcjolt                  Conj/Air       35%        1d45      1%          5
 Lee's Rapid Deconstruct  Erth           33%        3d17*     1%          5
 Lightning Bolt           Conj/Air       35%        1d53      1%          5
 Conjure Ball Lightning   Conj/Air       35%        3x3d11    1%          6
 Confusing Touch          Hex            42%        N/A       2%          3
 Tukima's Dance           Hex            42%        N/A       2%          3
 Ensorcelled Hibernation  Hex/Ice        58%        N/A       3%          2
 Animate Dead             Necr           50%        N/A       4%          4
 Dispel Undead            Necr           50%        3d19      4%          4
 Frozen Ramparts          Ice            30%        1d5       5%          3
 Anguish                  Hex/Necr       23%        N/A       5%          4
 Animate Armour           Summ/Erth      92%        N/A       5%          4
 Lehudib's Crystal Spear  Conj/Erth      43%        10d10     5%          8
 Apportation              Tloc           30%        N/A       6%          1
 Beastly Appendage        Tmut           30%        N/A       6%          1
 Summon Small Mammal      Summ           60%        N/A       6%          1
 Portal Projectile        Hex/Tloc       58%        N/A       6%          3
 Summon Guardian Golem    Hex/Summ       29%        N/A       6%          3
 Spellforged Servitor     Conj/Summ      35%        N/A       7%          7
 Cause Fear               Hex            21%        N/A       8%          4
 Blink                    Tloc           30%        N/A       9%          2
 Call Imp                 Summ           15%        N/A       9%          2
 Wereblood                Tmut           15%        N/A       9%          2
 Agony                    Necr           50%        N/A       11%         5
 Airstrike                Air            7%         2d(2-18)  16%         4
 Yara's Violent Unravell  Hex/Tmut       14%        3d7       16%         5
 Call Canine Familiar     Summ           15%        N/A       19%         3
 Lesser Beckoning         Tloc           30%        N/A       19%         3
 Spider Form              Tmut/Pois      15%        N/A       19%         3
 Swiftness                Air            15%        N/A       19%         3
 Vhi's Electric Charge    Tloc/Air       30%        N/A       19%         3
 Ice Form                 Ice/Tmut       15%        N/A       52%         4
 Summon Ice Beast         Ice/Summ       15%        N/A       52%         4
 Summon Lightning Spire   Summ/Air       15%        N/A       52%         4
 Summon Mana Viper        Hex/Summ       29%        N/A       52%         5
 Death Channel            Necr           25%        N/A       52%         6
 Alistair's Intoxication  Tmut/Pois      10%        N/A       86%         5
 Blade Hands              Tmut           7%         N/A       86%         5
 Summon Forest            Summ/Tloc      7%         N/A       86%         5
 Eringya's Noxious Bog    Tmut/Pois      7%         N/A       89%         6
 Summon Cactus Giant      Summ           7%         N/A       100%        6
 Enfeeble                 Hex            21%        N/A       100%        7
 Haunt                    Necr/Summ      16%        N/A       100%        7
 Malign Gateway           Summ/Tloc      7%         N/A       100%        7
 Monstrous Menagerie      Summ           7%         N/A       100%        7
 Storm Form               Tmut/Air       7%         N/A       100%        7
 Discord                  Hex            21%        N/A       100%        8
 Disjunction              Tloc           7%         N/A       100%        8
 Infestation              Necr           25%        N/A       100%        8
 Maxwell's Capacitive Co  Air            7%         ∞         100%        8
 Summon Horrible Things   Summ           7%         N/A       100%        8


Dungeon Overview and Level Annotations

Branches:
Dungeon (15/15)            Temple (1/1) D:5            Lair (5/5) D:9
 Shoals (4/4) Lair:2       Spider (4/4) Lair:2        Slime (5/5) Lair:5
    Orc (2/2) D:11            Elf (3/3) Orc:2        Vaults (5/5) D:13
  Crypt (3/3) Vaults:3       Tomb (0/3) Crypt:3      Depths (4/4) D:15
    Zot (5/5) Depths:4     Bailey (visited)           IceCv (visited)

Altars:
Ashenzari
Cheibriados
Dithmenos
Elyvilon
Fedhas
Gozag
Hepliaklqana
Kikubaaqudgha
Makhleb
Nemelex Xobeh
Okawaru
Qazlal
Ru
Sif Muna
Trog
Uskayaw
Vehumet
Wu Jian
Xom
Yredelemnul
Zin
The Shining One

Shops:
D:13 *   Orc:2 !![[:   Elf:2 (   Vaults:3 (:*?   Vaults:4 *   Depths:2 *

Portals:
Hell: Lair:5 Depths:1 Depths:2 Depths:3 Depths:4
Abyss: Depths:2 Depths:3
Pandemonium: Depths:2 Depths:3 Depths:4
Ziggurat: Depths:2
Trove: D:11 (give 7 potions of haste)

Annotations:
D:5 2 transporters, Iidacon's ghost, amateur GnWn
D:8 3 runed translucent doors, Crownlay's ghost, journeyman DsHu
Lair:4 exclusion: oklob plant
Shoals:1 exclusion: oklob plant
Spider:4 3 runed translucent doors, ma3's ghost, adept MfEn
Elf:2 3 runed translucent doors


Innate Abilities, Weirdness & Mutations

You are immune to sickness and miasma.
Your stone body is resilient. (AC +20)
You are immune to poison.
Your large and strong wings let you fly.
You resist negative energy. (rN+)
You are resistant to electric shocks. (rElec)
You are resistant to unholy torment.
You are immune to petrification.
You are agile. (Dex +4, Str/Int -1)
You do not regenerate when monsters are visible.
You have hidden genetic defects.


Message History

You feel the Orb delaying your translocation!
The sun demon barely misses you. The sun demon attacks as you move away!
The sun demon misses you. The sun demon hits you!
You are engulfed in flames.
You resist. The sun demon attacks as you move away! The sun demon misses you.
The sun demon attacks as you move away! You block the sun demon's attack.
The sun demon completely misses you. The sun demon attacks as you move away!
The sun demon hits you but does no damage.
Joclehoe gestures at you.
The sphere of damnation explodes!
The damnation engulfs you!!
The Brimstone Fiend calls on the powers of darkness!
Your body is wracked with pain!
Your surroundings suddenly seem different.
(D) Dungeon (T) Temple (L) Lair (A) Shoals (N) Spider Nest (M) Slime Pits (O) Orcish Mines (E) Elven Halls (V) Vaults (C) Crypt (W) Tomb (U) Depths (H) Hell (Z) Zot
Where to? (Enter - D:1 @ (x,y), ? - help)
An Executioner and 3 large abominations come into view.
Things that are here:
a +0 chain mail; a +0 club The Executioner gestures.
The Executioner seems to speed up. 2 sun demons come into view.
A balrug comes into view. It is wielding a +0 demon whip.
The balrug shouts!
The sun demon shouts!
The sun demon moves out of view.
The Executioner misses you. You block the Executioner's attack.
The Executioner hits you but does no damage.
The Executioner misses you. The Executioner completely misses you.
The Executioner hits you but does no damage.
There is a staircase leading out of the dungeon here.
The Executioner hits you but does no damage.
The Executioner closely misses you. The Executioner completely misses you.
The Executioner misses you. The Executioner completely misses you.
The Executioner closely misses you. The Executioner completely misses you.
The Executioner hits you but does no damage.
The Executioner barely misses you.
You have escaped!

###.#.##..........>.
##.....##............
##...#...##...........
#...###...#...........
#...# #...#...........
##..#####..##.....##...
#......(....###########
#...........# #
#.⌠...@...⌠.# #
#.....1.....######
#...........#....#
####..#..####....#
##...##.......#
#.....#.....1X######
###..2.[...X.......)
##3....X....######
#..........#


You could see a balrug, an Executioner (fast) and a sun demon.

Vanquished Creatures
  the Royal Jelly (Slime:5)
  2 dread liches (Zot:5)
  Khufu (Crypt:2)
  6 ancient liches
  7 orbs of fire (Zot:5)
  3 juggernauts
  2 royal mummies (Crypt:1)
  Josephina (Depths:2)
  Sojobo (Vaults:4)
  Vv (Zot:2)
  Bai Suzhen (Shoals:4)
  Saint Roka (Vaults:1)
  4 Killer Klowns (Zot:5)
  2 curse toes
  2 caustic shrikes (Depths:2)
  11 golden dragons
  Jory (Depths:3)
  2 bone dragons
  Nikola (Shoals:4)
  7 electric golems
  23 tentacled monstrosities
  2 deep elf blademasters (Elf:3)
  26 Orb Guardians
  6 liches
  Zenata (Vaults:2)
  A walking crystal tome (Depths:2)
  2 deep elf master archers (Elf:3)
  5 titans
  A walking frostbound tome (Depths:3)
  6 quicksilver dragons
  2 shard shrike skeletons
  3 krakens
  16 acid blobs
  Polyphemus (Shoals:3)
  16 death cobs
  9 ancient champions
  Donald (Spider:1)
  6 sphinxes
  8 shadow dragons
  9 tengu reavers
  10 storm dragons
  11 azure jellies
  6 draconian monks
  A storm dragon (shapeshifter) (Vaults:4)
  3 revenants
  6 rockslimes
  9 draconian knights
  17 vault wardens
  9 deep elf sorcerers
  4 emperor scorpions
  3 iron dragons
  14 frost giants
  10 fire giants
  7 ghost moths
  3 draconian shifters
  3 orc warlords
  10 draconian scorchers
  2 curse skulls (Crypt:3)
  The ghost of Fypuno Aqar the Pyromancer, an adept DEFE of Elyvilon (Vaults:1)
  15 ironbound preservers
  2 caustic shrike skeletons (Crypt:3)
  2 broodmothers (Spider:2)
  2 spriggan defenders (Depths:2)
  9 quicksilver oozes
  5 deep elf elementalists (Elf:3)
  11 ghouls
  A draconian stormcaller (Depths:4)
  3 war gargoyles
  19 stone giants
  A reaper (IceCv)
  9 draconian annihilators
  17 very ugly things
  12 green draconians
  11 vampire knights
  6 grey draconians (Zot:1)
  3 deep elf demonologists
  Azrael (D:12)
  A lorocyproca (Depths:2)
  8 white draconians
  5 ironbound thunderhulks
  6 purple draconians
  2 minotaurs (Vaults:1)
  4 deep elf annihilators (Elf:3)
  An eleionoma (shapeshifter) (Vaults:5)
  19 red draconians
  12 dire elephants
  7 black draconians
  7 spark wasps
  7 yellow draconians
  Snorg (D:12)
  13 deep elf death magi
  7 eidola
  11 merfolk javelineers
  2 blizzard demons (Depths:2)
  12 ettins
  2 crystal guardians (Vaults:3)
  13 jiangshi
  5 entropy weavers
  7 fire dragons
  13 merfolk impalers
  A quicksilver dragon zombie (Depths:1)
  14 yaktaur captains
  5 ice dragons
  8 hydras
  5 deep elf high priests
  2 peacekeepers
  A spriggan zombie (Crypt:2)
  5 great orbs of eyes
  5 rakshasas
  A hydra (shapeshifter) (D:15)
  Fannar (D:11)
  A fenstrider witch zombie (Crypt:1)
  A caustic shrike simulacrum (Crypt:1)
  An alligator snapping turtle (Shoals:3)
  2 ogre magi
  A death knight (Crypt:3)
  A hell beast (Depths:4)
  3 juggernaut simulacra
  3 merfolk avatars
  8 ironbound frosthearts
  18 centaur warriors
  34 vault guards
  4 spriggan air magi (Depths:2)
  A radroach (Spider:1)
  4 boulder beetles
  3 jorogumos (Spider:4)
  6 two-headed ogres
  3 merfolk aquamancers
  8 spriggan skeletons
  A catoblepas (Shoals:3)
  20 death yaks
  A two-headed ogre (shapeshifter) (Vaults:5)
  6 tengu warriors
  15 dancing weapons
  A death scarab (Spider:4)
  A satyr (Shoals:4)
  7 deep troll shamans
  4 orc high priests
  A shock serpent (shapeshifter) (Depths:3)
  12 vampire magi
  A storm dragon zombie (Crypt:1)
  8 spriggan berserkers
  6 deep troll earth magi
  21 deep elf knights
  2 sun demons
  3 titan skeletons (Crypt:3)
  A soul eater (Crypt:2)
  4 shadow wraiths
  2 sun moths
  10 iron trolls
  9 pharaoh ants
  51 deep trolls
  2 sixfirhies
  A death drake (Abyss:3)
  9 sea snakes
  60 skeletal warriors
  Amaemon (D:8)
  A goliath frog (shapeshifter) (Depths:3)
  Lodul (D:12)
  A bunyip zombie (Crypt:3)
  12 orb spiders
  A shadow dragon zombie (Crypt:1)
  11 steelbarb worms
  4 flayed ghosts
  14 ironbound convokers
  16 deep elf archers
  2 bog bodies
  4 wizards
  A bunyip skeleton (Crypt:3)
  7 glowing orange brains
  17 orc knights
  28 deep elf pyromancers
  Pikel (D:5)
  An orange crystal statue (Zot:5)
  14 phantasmal warriors
  10 lindwurms
  9 necromancers
  32 harpies
  8 cyclopes
  A shadow dragon skeleton (Crypt:3)
  An iron dragon zombie (Crypt:1)
  19 deep elf zephyrmancers
  16 fauns
  17 ugly things
  6 orc sorcerers
  2 shining eyes (Slime:4)
  A human zombie (Vaults:4)
  19 wolf spiders
  15 manticores
  24 moths of wrath
  12 merfolk sirens
  An iron dragon skeleton (Crypt:3)
  2 centaur zombies
  8 black mambas
  A stone giant skeleton (Crypt:3)
  3 eyes of devastation
  Maurice (D:12)
  2 frost giant skeletons
  8 elephants
  3 smoke demons
  26 vault sentinels
  4 water nymphs
  5 torpor snails
  A gargoyle (D:12)
  2 ice statues (IceCv)
  18 cane toads
  An elephant slug zombie (Crypt:1)
  5 centaur skeletons
  Maggie (D:9)
  A rime drake (shapeshifter) (Depths:4)
  6 rime drakes
  19 yaktaurs
  A yaktaur zombie (Vaults:4)
  2 orange demons
  3 unseen horrors
  5 demonic crawlers
  2 tormentors
  4 komodo dragons
  A green draconian skeleton (Crypt:2)
  4 tengu conjurers
  4 freezing wraiths
  4 anaconda simulacra (IceCv)
  A black draconian skeleton (Crypt:3)
  A golden dragon simulacrum (Depths:2)
  9 ice devils
  A hellwing (Depths:3)
  A harpy zombie (Crypt:3)
  2 red devils (Lair:5)
  An iron troll skeleton (Crypt:3)
  28 merfolk
  6 trolls
  A red draconian skeleton (Crypt:2)
  5 guardian mummies (Crypt:3)
  3 polar bears
  A human skeleton (Vaults:4)
  7 meliai
  A queen bee (Lair:3)
  7 wind drakes
  Prince Ribbit (D:5)
  2 harpy skeletons (Crypt:3)
  5 hornets
  A fire dragon zombie (Crypt:1)
  82 slime creatures
  11 dream sheep
  A meliai zombie (Crypt:3)
  A blink frog (shapeshifter) (D:15)
  11 snapping turtles
  2 tengu simulacra
  A death drake zombie (Crypt:1)
  26 tarantellas
  A black mamba zombie (Crypt:3)
  25 blink frogs
  A human simulacrum (Vaults:4)
  An iron dragon simulacrum (Depths:2)
  A frost giant simulacrum (Vaults:4)
  44 jumping spiders
  2 air elementals (Elf:3)
  16 culicivoras
  3 spriggans
  A vampire (D:11)
  16 flying skulls
  5 wraiths
  A jumping spider (shapeshifter) (D:13)
  9 wyverns
  4 dire elephant simulacra (IceCv)
  2 ynoxinuls (Depths:2)
  37 yaks
  A wyvern (shapeshifter) (D:15)
  A yak (shapeshifter) (D:15)
  10 basilisks
  15 water elementals
  2 ettin skeletons
  4 large abominations (Depths:3)
  4 fire elementals
  62 redbacks
  10 vampire mosquitoes
  A human (D:11)
  A redback (shapeshifter) (Vaults:5)
  A steam dragon (D:8)
  Grum (D:8)
  A minotaur simulacrum (Crypt:1)
  2 chaos spawn (Depths:3)
  7 wargs
  A harpy simulacrum (IceCv)
  An acid dragon (D:13)
  A glowing shapeshifter skeleton (Depths:1)
  8 hell hounds
  A fire bat skeleton (Crypt:3)
  A hydra simulacrum (IceCv)
  A floating eye (Depths:3)
  A swamp drake (shapeshifter) (Depths:2)
  A naga skeleton (Crypt:3)
  41 orc warriors
  A sky beast (D:8)
  18 water moccasins
  An ettin simulacrum (Vaults:4)
  4 ice beasts (D:9)
  3 black bears
  A cane toad skeleton (Crypt:2)
  5 boggarts (Vaults:3)
  13 wolves
  14 ogres
  A lindwurm skeleton (Crypt:1)
  5 centaurs
  An elf zombie (Crypt:1)
  4 lemures
  A salamander zombie (Crypt:2)
  3 kobold brigands
  14 bullfrogs
  5 necrophages
  A glowing shapeshifter simulacrum (Vaults:4)
  A wyvern zombie (Crypt:1)
  An earth elemental (Elf:1)
  7 scorpions
  3 gnoll sergeants
  A water moccasin zombie (Crypt:2)
  10 wights
  9 small abominations
  42 killer bees
  An elephant simulacrum (IceCv)
  An electric eel (Lair:3)
  4 howler monkeys
  A shapeshifter skeleton (Crypt:3)
  4 crimson imps (Depths:2)
  3 hounds (D:4)
  16 orc priests
  24 orc wizards
  3 iguanas (D:5)
  7 hell rats (Lair:1)
  A spriggan simulacrum (IceCv)
  A tengu zombie (Crypt:3)
  8 mummies
  13 gnolls
  A naga simulacrum (IceCv)
  A river rat (Lair:4)
  8 adders
  2 white imps
  An ufetubus (D:6)
  A jelly zombie (Crypt:2)
  A worm zombie (Crypt:1)
  4 worms
  A dart slug (D:1)
  113 orcs
  7 bats
  4 endoplasms
  6 giant cockroaches
  A gnoll zombie (Crypt:2)
  10 goblins
  18 hobgoblins
  2 jackals (D:2)
  6 quokkas
  5 ball pythons
  4 frilled lizards
  A jackal skeleton (Crypt:3)
  27 kobolds
  9 rats
  A tentacle (Shoals:2)
2568 creatures vanquished.

Vanquished Creatures (collateral kills)
  An ancient champion (Crypt:3)
  A red draconian (Zot:1)
  A starcursed mass (Abyss:3)
  An orc (Bailey)
4 creatures vanquished.

Vanquished Creatures (others)
  An angel (D:4)
  A merfolk (Lair:2)
  A small abomination (Abyss:3)
  A hell hound (Abyss:3)
  An orc priest (Orc:2)
  4 orcs
  A bush (Lair:4)
  34 fire vortices
  21 fungi
  A lurking horror (Abyss:3)
  262 plants
  20 tentacles
348 creatures vanquished.

Grand Total: 2920 creatures vanquished

Notes
Turn   | Place    | Note
-------+----------+-------------------------------------------
     0 | D:1      | rigao the Gargoyle Conjurer began the quest for the Orb.
     0 | D:1      | Reached XP level 1. HP: 10/10 MP: 3/3
   247 | D:1      | Reached XP level 2. HP: 15/16 MP: 1/5
   428 | D:1      | Learned a level 2 spell: Searing Ray
   490 | D:1      | Reached skill level 1 in Fighting
   795 | D:1      | Found a faded altar of an unknown god.
  1086 | D:1      | Reached XP level 3. HP: 20/20 MP: 3/6
  1820 | D:2      | Reached XP level 4. HP: 27/27 MP: 6/8
  2662 | D:3      | Reached XP level 5. HP: 32/32 MP: 4/10
  3579 | D:4      | Learned a level 4 spell: Fulminant Prism
  3627 | D:4      | Reached XP level 6. HP: 31/38 MP: 2/12
  3795 | D:4      | Noticed an angel
  3796 | D:4      | Found a shimmering altar of Xom.
  3796 | D:4      | Found a glowing silver altar of Zin.
  3809 | D:4      | Killed an angel
  4411 | D:5      | Entered Level 5 of the Dungeon
  4545 | D:5      | Identified a scroll of acquirement
  4545 | D:5      | Acquired a book of Geomancy
  4551 | D:5      | Learned a level 3 spell: Stone Arrow
  4602 | D:5      | Noticed Prince Ribbit
  4611 | D:5      | Killed Prince Ribbit
  4612 | D:5      | Reached skill level 5 in Conjurations
  4612 | D:5      | Reached skill level 1 in Earth Magic
  4612 | D:5      | Reached XP level 7. HP: 36/44 MP: 1/13
  5582 | D:5      | Reached skill level 5 in Fighting
  5684 | D:5      | Reached XP level 8. HP: 45/49 MP: 9/15
  5730 | D:5      | Found a staircase to the Ecumenical Temple.
  5742 | Temple   | Entered the Ecumenical Temple
  5781 | Temple   | Became a worshipper of Vehumet
  5856 | D:5      | Noticed Iidacon's ghost (amateur GnWn)
  5869 | D:5      | Found a transporter.
  6108 | D:6      | Reached skill level 5 in Spellcasting
  6292 | D:6      | Found a sparkling altar of Nemelex Xobeh.
  6867 | D:7      | Reached skill level 1 in Shields
  7480 | D:7      | Reached * piety under Vehumet
  7480 | D:7      | Offered knowledge of Freeze by Vehumet.
  7757 | D:7      | Noticed a two-headed ogre
  7773 | D:7      | Killed a two-headed ogre
  7774 | D:7      | Reached skill level 5 in Earth Magic
  7774 | D:7      | Reached XP level 9. HP: 45/56 MP: 2/16
  8260 | D:8      | Found a broken altar of Ashenzari.
  8285 | D:8      | Found a runed translucent gate.
  8285 | D:8      | Found a runed translucent gate.
  8287 | D:8      | Found a runed translucent gate.
  8287 | D:8      | Noticed an 11-headed hydra
  8288 | D:8      | Noticed Crownlay's ghost (journeyman DsHu)
  8291 | D:8      | Noticed a nine-headed hydra
  8394 | D:8      | Noticed Amaemon
  8399 | D:8      | Noticed an orange demon
  8409 | D:8      | Killed Amaemon
  8410 | D:8      | Reached skill level 5 in Shields
  8480 | D:8      | Killed an orange demon
  8620 | D:8      | Reached XP level 10. HP: 63/63 MP: 5/17
  9453 | D:9      | Noticed Maggie
  9468 | D:9      | Killed Maggie
  9469 | D:9      | Reached skill level 5 in Dodging
  9608 | D:9      | Noticed a two-headed ogre
  9613 | D:9      | Noticed Grum
  9614 | D:9      | Killed a two-headed ogre
  9769 | D:8      | Killed Grum
  9865 | D:9      | Reached ** piety under Vehumet
  9865 | D:9      | Offered knowledge of Kiss of Death by Vehumet.
  9867 | D:9      | Found a flagged portal.
  9876 | Bailey   | Entered a bailey
 11217 | Bailey   | Acquired 610 gold pieces
 11219 | Bailey   | Noticed an orc knight
 11264 | Bailey   | Killed an orc knight
 11265 | Bailey   | Reached skill level 1 in Hexes
 11932 | D:9      | Reached XP level 11. HP: 71/71 MP: 10/19
 12469 | D:9      | Offered knowledge of Scorch by Vehumet.
 12951 | D:9      | Found a staircase to the Lair.
 12959 | D:9      | Reached *** piety under Vehumet
 13253 | D:9      | Found a shimmering blue altar of Sif Muna.
 13535 | D:5      | Found a transporter.
 13921 | D:5      | Noticed Pikel
 13924 | D:5      | Killed Pikel
 13925 | D:5      | Reached skill level 1 in Maces & Flails
 13997 | D:5      | Found a bloodstained altar of Trog.
 14433 | Lair:1   | Entered Level 1 of the Lair of Beasts
 14435 | Lair:1   | Offered knowledge of Airstrike by Vehumet.
 15082 | Lair:1   | Reached **** piety under Vehumet
 15322 | Lair:1   | Reached skill level 10 in Fighting
 15380 | Lair:2   | Found a hole to the Spider Nest.
 15389 | Lair:1   | Offered knowledge of Sticky Flame by Vehumet.
 15979 | Lair:2   | Reached XP level 12. HP: 77/77 MP: 9/22
 16726 | Lair:2   | Acquired the ring of Yceassi {rElec rF++ rN+ EV+4 Dex-4}
 16742 | Lair:2   | Identified the +2 scale mail "Sungilis" {rC++ Str+2}
 16795 | Lair:2   | Reached skill level 5 in Hexes
 16817 | Lair:2   | Reached skill level 1 in Armour
 17134 | Lair:2   | Found a staircase to the Shoals.
 17606 | Lair:3   | Reached ***** piety under Vehumet
 17607 | Lair:3   | Noticed an eight-headed hydra
 17608 | Lair:3   | Noticed a death yak
 17609 | Lair:3   | Offered knowledge of Eringya's Noxious Bog by Vehumet.
 17610 | Lair:3   | Reached skill level 5 in Maces & Flails
 17923 | Lair:2   | Killed a death yak
 18216 | Lair:3   | Killed an eight-headed hydra
 18498 | Lair:3   | Identified the +1 hat of Prudence {rElec rN++ Regen+ Dex-5}
 19412 | Lair:3   | Noticed a death yak
 19412 | Lair:3   | Noticed a five-headed hydra
 19412 | Lair:3   | Noticed a six-headed hydra
 19702 | Lair:3   | Killed a six-headed hydra
 19703 | Lair:3   | Reached XP level 13. HP: 80/84 MP: 17/25
 19757 | Lair:3   | Reached skill level 5 in Armour
 21120 | Lair:4   | Found a frozen archway.
 21337 | IceCv    | Entered an ice cave
 22334 | IceCv    | Noticed a reaper
 22340 | IceCv    | Killed a reaper
 25178 | Lair:4   | Offered knowledge of Fireball by Vehumet.
 25185 | Lair:4   | Learned a level 5 spell: Fireball
 25521 | Lair:4   | Gained mutation: Your large and strong wings let you fly.
                  | [Gargoyle growth]
 25521 | Lair:4   | Reached XP level 14. HP: 92/92 MP: 12/27
 25777 | Lair:4   | Identified the ring of the Skies Above {rPois Slay+2}
 26339 | Lair:4   | Reached skill level 10 in Spellcasting
 26658 | Lair:5   | Entered Level 5 of the Lair of Beasts
 28949 | Lair:5   | Reached skill level 10 in Earth Magic
 31361 | Lair:5   | Found a staircase to the Slime Pits.
 31452 | Lair:5   | Noticed a dire elephant
 31460 | Lair:5   | Killed a dire elephant
 31461 | Lair:5   | Reached XP level 15. HP: 77/100 MP: 22/29
 31788 | Abyss:3  | Cast into level 3 of the Abyss (a wizard)
 31964 | Lair:5   | Escaped the Abyss
 32094 | Lair:5   | Found a burning altar of Makhleb.
 32140 | Lair:5   | Offered knowledge of Arcjolt by Vehumet.
 32438 | Lair:5   | Found a gateway to Hell.
 32446 | Lair:5   | Got the Enchiridion on Transfiguration and the Congregation
 32657 | D:10     | Entered Level 10 of the Dungeon
 32864 | D:10     | Found a snail-covered altar of Cheibriados.
 33284 | D:10     | Reached skill level 10 in Maces & Flails
 33792 | D:11     | Identified the ring "Moiwkof" {rElec rC+ Str+6}
 33814 | D:11     | Noticed Fannar
 33827 | D:11     | Killed Fannar
 34003 | D:11     | Found a staircase to the Orcish Mines.
 34037 | D:11     | Reached ****** piety under Vehumet
 34746 | D:11     | Found a portal to a secret trove of treasure.
 34946 | Orc:1    | Entered Level 1 of the Orcish Mines
 35630 | Orc:1    | Offered knowledge of Lightning Bolt by Vehumet.
 35734 | Orc:1    | Reached skill level 10 in Armour
 36147 | Orc:2    | Entered Level 2 of the Orcish Mines
 36147 | Orc:2    | Found a staircase to the Elven Halls.
 36150 | Orc:2    | Noticed an orc warlord
 37046 | Orc:1    | Killed an orc warlord
 37327 | Orc:2    | Offered knowledge of Freezing Cloud by Vehumet.
 37627 | Orc:2    | Reached skill level 1 in Fire Magic
 38158 | Orc:2    | Found a burning altar of Makhleb.
 38199 | Orc:2    | Found Xoriga's Vocational Training.
 38624 | Orc:2    | Reached skill level 2 in Fire Magic
 38768 | Orc:2    | Found Gyeg's Armour Emporium.
 38768 | Orc:2    | Found Naecwy's Armour Shop.
 38770 | Orc:2    | Found Leclein's Distillery.
 38770 | Orc:2    | Found Koilohal's Distillery.
 38779 | Orc:2    | Bought a potion of heal wounds for 70 gold pieces
 38780 | Orc:2    | Bought a potion of cancellation for 104 gold pieces
 38780 | Orc:2    | Bought a potion of magic for 104 gold pieces
 38780 | Orc:2    | Bought a potion of brilliance for 52 gold pieces
 38782 | Orc:2    | Bought the +9 ring mail "Negaph" {Harm} for 896 gold pieces
 39349 | D:12     | Noticed Azrael
 39624 | D:12     | Killed Azrael
 40122 | D:12     | Reached skill level 10 in Conjurations
 40193 | D:12     | Noticed Maurice
 40196 | D:12     | Killed Maurice
 40319 | D:12     | Offered knowledge of Orb of Destruction by Vehumet.
 40340 | D:12     | Learned a level 7 spell: Orb of Destruction
 40386 | D:12     | Reached skill level 3 in Fire Magic
 40457 | D:12     | Noticed Snorg
 40463 | D:12     | Killed Snorg
 40932 | D:13     | Reached XP level 16. HP: 59/107 MP: 21/31
 40932 | D:13     | Noticed Lodul
 41174 | D:12     | Killed Lodul
 41913 | D:13     | Found a gate to the Vaults.
 42637 | D:13     | Found Pies's General Store.
 42645 | D:13     | Bought 2 potions of heal wounds for 140 gold pieces
 42645 | D:13     | Bought a scroll of teleportation for 42 gold pieces
 43228 | D:14     | Identified the +9 flail of Defence by Offence {venom,
                  | Int+2}
 43827 | D:15     | Entered Level 15 of the Dungeon
 44544 | D:15     | Found a staircase to the Depths.
 45443 | D:15     | Identified the +5 long sword of Infection {venom, Dex+5}
 45679 | D:15     | Offered knowledge of Iron Shot by Vehumet.
 45688 | D:15     | Learned a level 6 spell: Iron Shot
 45995 | Spider:1 | Entered Level 1 of the Spider Nest
 46187 | Spider:1 | Noticed Donald
 46198 | Spider:1 | Killed Donald
 47295 | Spider:2 | Reached skill level 15 in Fighting
 48477 | Spider:2 | Reached XP level 17. HP: 113/113 MP: 13/32
 49575 | Spider:3 | Offered knowledge of Fire Storm by Vehumet.
 49575 | Spider:3 | Offered knowledge of Polar Vortex by Vehumet.
 49575 | Spider:3 | Offered knowledge of Ignition by Vehumet.
 49786 | Spider:2 | Learned a level 9 spell: Fire Storm
 50267 | Spider:3 | Reached skill level 4 in Fire Magic
 50532 | Spider:3 | Reached skill level 5 in Fire Magic
 51094 | Spider:3 | Reached skill level 6 in Fire Magic
 51363 | Spider:2 | Learned a level 8 spell: Ignition
 51728 | Shoals:1 | Entered Level 1 of the Shoals
 51809 | Shoals:1 | Reached skill level 7 in Fire Magic
 52527 | Shoals:1 | Reached skill level 8 in Fire Magic
 53063 | Shoals:1 | Found a sparkling altar of Nemelex Xobeh.
 53891 | Shoals:1 | Reached skill level 9 in Fire Magic
 54896 | Shoals:2 | Found a blossoming altar of Fedhas.
 54901 | Shoals:2 | Noticed a kraken
 54932 | Shoals:2 | Killed a kraken
 54933 | Shoals:2 | Reached skill level 10 in Fire Magic
 55576 | Shoals:2 | Reached skill level 11 in Fire Magic
 56025 | Shoals:3 | Reached XP level 18. HP: 114/120 MP: 18/33
 56598 | Shoals:2 | Reached skill level 12 in Fire Magic
 56986 | Shoals:3 | Noticed Polyphemus
 56995 | Shoals:3 | Killed Polyphemus
 57444 | Shoals:3 | Reached skill level 13 in Fire Magic
 57570 | Shoals:3 | Got Tiuheid's Compilation of Vile Breath
 58928 | Shoals:4 | Entered Level 4 of the Shoals
 59715 | Shoals:4 | Noticed Bai Suzhen
 59871 | Shoals:4 | Killed Bai Suzhen
 59872 | Shoals:4 | Reached skill level 14 in Fire Magic
 59998 | Shoals:4 | Identified the +2 ring mail of Joy {Harm Str+4}
 60008 | Shoals:4 | Noticed Nikola
 60211 | Shoals:4 | Killed Nikola
 61091 | Shoals:4 | Reached skill level 15 in Fire Magic
 62162 | Shoals:4 | Got a barnacled rune of Zot
 63075 | Spider:3 | Reached XP level 19. HP: 124/124 MP: 21/34
 63084 | Spider:3 | Reached skill level 16 in Fire Magic
 63428 | Spider:4 | Entered Level 4 of the Spider Nest
 65462 | Spider:4 | Reached skill level 17 in Fire Magic
 67160 | Spider:4 | Reached skill level 18 in Fire Magic
 67442 | Spider:4 | Found a runed translucent gate.
 67443 | Spider:4 | Found a runed translucent gate.
 67443 | Spider:4 | Found a runed translucent gate.
 67444 | Spider:4 | Noticed ma3's ghost (adept MfEn)
 67663 | Spider:4 | Got a gossamer rune of Zot
 67772 | Spider:4 | Reached skill level 15 in Conjurations
 68195 | Vaults:1 | Entered Level 1 of the Vaults
 69260 | Vaults:1 | Found a runed translucent gate.
 69260 | Vaults:1 | Found a runed translucent gate.
 69260 | Vaults:1 | Found a runed translucent gate.
 69261 | Vaults:1 | Noticed Fypuno Aqar's ghost (adept DEFE)
 69503 | Vaults:1 | Identified the +7 battleaxe of Gotzuikki {vorpal, Int+3}
 70060 | Vaults:1 | Noticed Saint Roka
 70067 | Vaults:1 | Killed Saint Roka
 70224 | Vaults:1 | Reached XP level 20. HP: 79/131 MP: 29/35
 71041 | Vaults:1 | Identified the +2 ring mail of the Sky {Will+}
 71045 | Vaults:1 | Found an iron altar of Okawaru.
 71049 | Vaults:1 | Killed Fypuno Aqar's ghost
 71525 | Vaults:2 | Noticed Zenata
 71547 | Vaults:2 | Killed Zenata
 73668 | Vaults:2 | You are sucked into a shaft and drop 1 floor!
 73820 | Vaults:3 | Found Neth's Antique Weapon Shop.
 74437 | Vaults:3 | Found Yhyir's Magic Scroll Boutique.
 74540 | Vaults:3 | Bought a scroll of teleportation for 51 gold pieces
 74540 | Vaults:3 | Bought a scroll of butterflies for 68 gold pieces
 74549 | Vaults:3 | Found Moemna's General Store.
 74552 | Vaults:3 | Bought a scroll of acquirement for 936 gold pieces
 74552 | Vaults:3 | Bought a scroll of fear for 72 gold pieces
 74552 | Vaults:3 | Acquired the +1 hat "Xebipt" {*Slow rF+ MP+9 Str+4}
 74855 | Vaults:3 | Found Catom's Book Boutique.
 75538 | Vaults:3 | Reached XP level 21. HP: 138/138 MP: 30/36
 76365 | Vaults:3 | Reached skill level 19 in Fire Magic
 76772 | Vaults:3 | Found a staircase to the Crypt.
 78055 | Vaults:4 | Found Kamuren's General Store.
 78986 | Elf:1    | Entered Level 1 of the Elven Halls
 79528 | Elf:1    | Reached skill level 10 in Dodging
 80633 | Elf:2    | Found a runed translucent gate.
 80633 | Elf:2    | Found a runed translucent gate.
 80635 | Elf:2    | Found a runed translucent gate.
 81084 | Elf:2    | Reached XP level 22. HP: 146/146 MP: 25/37
 81210 | Elf:2    | Found Ecruin's Weapon Emporium.
 82170 | Elf:3    | Entered Level 3 of the Elven Halls
 84131 | Elf:3    | Identified the +8 mace of Fedhas's Approval {vorpal,
                  | Fragile Will+ Int+2}
 84138 | Elf:3    | Got the Encyclopedia of the Wumpus
 84143 | Elf:3    | Identified the +4 dire flail of Inference {speed, rPois rF-
                  | Str-3 Int+8}
 84152 | Elf:3    | Identified the +9 short sword "Oceul" {protect, rC+ Will-
                  | rCorr Str+5}
 84159 | Elf:3    | Identified the +2 scale mail "Komium" {Int+2}
 84273 | Elf:3    | Identified the +5 whip "Zuafazi" {vorpal, rCorr}
 84570 | Crypt:1  | Entered Level 1 of the Crypt
 85480 | Crypt:1  | Reached skill level 20 in Fire Magic
 86416 | Crypt:1  | Found an ancient bone altar of Kikubaaqudgha.
 86974 | Crypt:2  | Noticed Khufu
 86974 | Crypt:2  | Noticed a royal mummy
 86974 | Crypt:2  | Noticed a royal mummy
 87117 | Crypt:1  | Killed a royal mummy
 87340 | Crypt:1  | Killed a royal mummy
 87341 | Crypt:1  | Reached skill level 15 in Armour
 88047 | Crypt:1  | Reached XP level 23. HP: 127/155 MP: 24/38
 90027 | Crypt:2  | Killed Khufu
 90113 | Crypt:2  | Identified the ring of the Castellan {rElec MP+9}
 91288 | Crypt:3  | Entered Level 3 of the Crypt
 94452 | Crypt:3  | Found a staircase to the Tomb.
 95480 | Vaults:3 | Bought Great Wizards, Vol. II for 608 gold pieces
 95486 | Vaults:3 | Learned a level 5 spell: Borgnjor's Vile Clutch
 95793 | Crypt:3  | Found an ancient bone altar of Kikubaaqudgha.
 95823 | Crypt:3  | Noticed an ancient lich
 95828 | Crypt:3  | Killed an ancient lich
 95829 | Crypt:3  | Reached skill level 1 in Necromancy
 95931 | Crypt:3  | Identified the +0 pair of boots "Saxtic Edai" {Str-5 Int+4}
 96898 | Crypt:3  | Identified the ring of Peace {rN+ Int+6}
 96898 | Crypt:3  | Identified the ring "Aroug" {rN+ Str+3}
 98099 | Crypt:3  | Reached XP level 24. HP: 164/164 MP: 27/38
 98411 | Depths:1 | Entered Level 1 of the Depths
 99535 | Depths:1 | Found a white marble altar of Elyvilon.
100004 | Depths:1 | Found a hazy altar of Hepliaklqana.
100331 | Depths:2 | Found a one-way gateway to a ziggurat.
100359 | Depths:2 | Found Roohe's Assorted Antiques.
100645 | Depths:2 | Bought a potion of cancellation for 320 gold pieces
100649 | Depths:2 | Reached skill level 21 in Fire Magic
100941 | Depths:2 | Found a shimmering altar of Xom.
101218 | Depths:2 | Reached skill level 5 in Necromancy
101556 | Depths:2 | Identified the ring of the Muttering Coward {Ice rPois
                  | Dex+4}
101556 | Depths:2 | Noticed Josephina
101565 | Depths:2 | Killed Josephina
101890 | Depths:2 | Found a one-way gate leading to the halls of Pandemonium.
102399 | Depths:2 | Found a one-way gate to the infinite horrors of the Abyss.
102512 | Depths:2 | Noticed a caustic shrike
102650 | Depths:2 | Killed a caustic shrike
104772 | Depths:3 | Noticed a juggernaut
104795 | Depths:3 | Killed a juggernaut
105317 | Depths:2 | Found Roohe's Assorted Antiques.
105591 | Depths:2 | Found a shimmering altar of Xom.
105757 | Depths:2 | Found a one-way gate leading to the halls of Pandemonium.
105913 | Depths:2 | Found a one-way gateway to a ziggurat.
106194 | Depths:2 | Found a one-way gate to the infinite horrors of the Abyss.
106411 | Depths:3 | Noticed a caustic shrike
106420 | Depths:2 | Killed a caustic shrike
107517 | Depths:3 | Reached XP level 25. HP: 175/175 MP: 12/38
107518 | Depths:3 | Identified the ring "Anuocw" {Fly rPois Will- Str-3 Int+6}
108300 | Depths:3 | Noticed a juggernaut
108452 | Depths:3 | Killed a juggernaut
110792 | Depths:4 | Entered Level 4 of the Depths
111457 | Depths:4 | Reached skill level 22 in Fire Magic
111927 | Depths:4 | Noticed Jory
112041 | Depths:3 | Killed Jory
112781 | Depths:4 | Identified the +4 battleaxe of Mecryown {freeze, Str+3}
114094 | Depths:4 | Found a gate to the Realm of Zot.
114527 | Depths:4 | Found an ancient bone altar of Kikubaaqudgha.
114923 | Vaults:5 | Entered Level 5 of the Vaults
114945 | Vaults:5 | Noticed Sojobo
115333 | Vaults:4 | Found Kamuren's General Store.
116039 | Vaults:4 | Killed Sojobo
116663 | Vaults:5 | Reached XP level 26. HP: 184/184 MP: 22/38
118243 | Vaults:5 | Identified the +3 long sword "Yhuago" {freeze, Fly rElec
                  | MP-9 Int+4}
118674 | Vaults:5 | Reached skill level 23 in Fire Magic
118825 | Vaults:5 | Noticed an ancient lich
118994 | Vaults:5 | Noticed an ancient lich
118997 | Vaults:5 | Identified the +8 scimitar of Proximity {venom, rElec}
119006 | Vaults:4 | Killed an ancient lich
119358 | Vaults:4 | Killed an ancient lich
119594 | Vaults:4 | Found Kamuren's General Store.
120694 | Vaults:5 | Got a silver rune of Zot
120930 | Vaults:5 | Got the Incunabulum of Quantum Leap
121332 | Vaults:5 | Identified the -2 pair of boots of the Gusle {Contam rElec
                  | Will+ Dex+6}
121334 | Vaults:5 | Identified the +0 pair of gloves "Zypsigh" {Str+6 Dex+2}
122611 | Slime:1  | Entered Level 1 of the Pits of Slime
123828 | Slime:5  | Entered Level 5 of the Pits of Slime
124501 | Slime:5  | Noticed the Royal Jelly
124601 | Slime:5  | Killed the Royal Jelly
125298 | Slime:5  | Got a slimy rune of Zot
126582 | Zot:1    | Entered Level 1 of the Realm of Zot
126591 | Zot:1    | Reached XP level 27. HP: 192/192 MP: 31/38
126752 | Zot:1    | Noticed a juggernaut
126755 | Zot:1    | Killed a juggernaut
127152 | Depths:4 | Reached skill level 24 in Fire Magic
130040 | Zot:1    | Identified the amulet "Caluorph" {Faith rPois rN+ Int+4}
131807 | Zot:2    | Noticed Vv
131819 | Zot:2    | Killed Vv
135222 | Zot:3    | Reached skill level 25 in Fire Magic
137508 | Zot:4    | Identified the +0 cloak of the Everdark {rF+ rCorr}
137839 | Zot:5    | Entered Level 5 of the Realm of Zot
137844 | Zot:5    | Noticed an orb of fire
137865 | Zot:5    | Killed an orb of fire
138620 | Zot:5    | Noticed a dread lich
138626 | Zot:5    | Killed a dread lich
138704 | Zot:5    | Noticed an orb of fire
138705 | Zot:5    | Noticed an orb of fire
138706 | Zot:5    | Gained mutation: You have hidden genetic defects. [an orb
                  | of fire]
138710 | Zot:5    | Killed an orb of fire
138712 | Zot:5    | Gained mutation: You are dopey. (Int -2) [an orb of fire]
138713 | Zot:5    | Killed an orb of fire
138907 | Zot:5    | Noticed a dread lich
138910 | Zot:5    | Killed a dread lich
139095 | Zot:5    | Noticed an orb of fire
139100 | Zot:5    | Killed an orb of fire
139602 | Zot:5    | Noticed an orb of fire
139609 | Zot:5    | Killed an orb of fire
139717 | Zot:5    | Gained mutation: You are occasionally teleported next to
                  | monsters. [hidden defects]
139718 | Zot:5    | Lost mutation: You are occasionally teleported next to
                  | monsters. [potion of mutation]
139718 | Zot:5    | Lost mutation: You are dopey. (Int -2) [potion of mutation]
139718 | Zot:5    | Gained mutation: You are agile. (Dex +4, Str/Int -1)
                  | [potion of mutation]
139718 | Zot:5    | Gained mutation: Your spells are a little easier to cast,
                  | but a little less powerful. [potion of mutation]
139718 | Zot:5    | Gained mutation: Your muscles are strong. (Str +4, Int/Dex
                  | -1) [potion of mutation]
140210 | Zot:5    | Noticed an orb of fire
140234 | Zot:5    | Gained mutation: You have terrible hidden genetic defects.
                  | [an orb of fire]
140235 | Zot:5    | Gained mutation: Armour fits poorly on your strangely
                  | shaped body. [an orb of fire]
140268 | Zot:5    | Noticed an orb of fire
140270 | Zot:5    | Gained mutation: You occasionally lose the ability to drink
                  | potions when taking damage. [an orb of fire]
140271 | Zot:5    | Gained mutation: You are occasionally teleported next to
                  | monsters. [an orb of fire]
140274 | Zot:5    | Gained mutation: You sometimes lose the ability to drink
                  | potions when taking damage. [an orb of fire]
140275 | Zot:5    | Killed an orb of fire
140295 | Zot:5    | Noticed an ancient lich
140312 | Zot:5    | Killed an ancient lich
140334 | Zot:5    | Reached skill level 26 in Fire Magic
140640 | Zot:5    | Lost mutation: Your muscles are strong. (Str +4, Int/Dex
                  | -1) [potion of mutation]
140640 | Zot:5    | Lost mutation: You are occasionally teleported next to
                  | monsters. [potion of mutation]
140640 | Zot:5    | Lost mutation: You have terrible hidden genetic defects.
                  | [potion of mutation]
140640 | Zot:5    | Lost mutation: You are agile. (Dex +4, Str/Int -1) [potion
                  | of mutation]
140640 | Zot:5    | Gained mutation: You occasionally lose the ability to read
                  | scrolls when taking damage. [potion of mutation]
140640 | Zot:5    | Gained mutation: Your magical capacity is low. (-10% MP)
                  | [potion of mutation]
140642 | Zot:5    | Lost mutation: You occasionally lose the ability to read
                  | scrolls when taking damage. [potion of mutation]
140642 | Zot:5    | Lost mutation: Your magical capacity is low. (-10% MP)
                  | [potion of mutation]
140642 | Zot:5    | Lost mutation: You sometimes lose the ability to drink
                  | potions when taking damage. [potion of mutation]
140642 | Zot:5    | Gained mutation: You are weak. (Str -2) [potion of
                  | mutation]
140642 | Zot:5    | Lost mutation: You are weak. (Str -2) [potion of mutation]
140642 | Zot:5    | Gained mutation: You are agile. (Dex +4, Str/Int -1)
                  | [potion of mutation]
140647 | Zot:5    | Lost mutation: Armour fits poorly on your strangely shaped
                  | body. [potion of mutation]
140647 | Zot:5    | Lost mutation: You occasionally lose the ability to drink
                  | potions when taking damage. [potion of mutation]
140647 | Zot:5    | Lost mutation: Your spells are a little easier to cast, but
                  | a little less powerful. [potion of mutation]
140647 | Zot:5    | Gained mutation: You do not regenerate when monsters are
                  | visible. [potion of mutation]
140745 | Zot:5    | Gained mutation: You have terrible hidden genetic defects.
                  | [hidden defects]
140745 | Zot:5    | Lost mutation: You have terrible hidden genetic defects.
                  | [hidden defects expressed]
140986 | Zot:5    | Killed an orb of fire
141118 | Zot:5    | Noticed an ancient lich
141133 | Zot:5    | Killed an ancient lich
141174 | Zot:5    | Noticed an ancient lich
141212 | Zot:5    | Killed an ancient lich
141771 | Zot:5    | Got the Orb of Zot
142239 | D:5      | Noticed Jaremm the pandemonium lord
142289 | D:1      | Noticed Joclehoe the pandemonium lord
142315 | D:$      | Escaped with the Orb!

Illustrated notes

Levels and vault maps discovered:
D:1:      dpeg_arrival_arbitrary_c, layout_rooms,
          nicolae_ecumenical_lake_church,
          nicolae_concentric_dashed_squares_mild, minmay_split_cup_small
D:2:      layout_rooms, serial_forest, infiniplex_forest_straight_5,
          infiniplex_forest_lined_1, infiniplex_forest_lined_ring,
          infiniplex_forest_lined_1, infiniplex_forest_pool,
          infiniplex_forest_clump_small, infiniplex_forest_zigzag_1,
          infiniplex_forest_clump_curved
D:3:      layout_basic
D:4:      layout_loops_ring, grunt_temple_overflow_order_and_chaos_1
D:5:      layout_rooms, trog_hazing_becter, minmay_temple_entry_statues,
          gammafunk_ghost_hive, minmay_fountain_box, uniq_prince_ribbit1,
          uniq_pikel
D:6:      layout_rooms, nemelex_xobeh_ov_fountains_minmay
D:7:      layout_loops_corners
D:8:      layout_rooms, lemuel_round_altar, gammafunk_ghost_hydra_chop,
          uniq_amaemon
D:9:      layout_cave_pools, kennysheep_orc_sif_temple, hellmonk_lair_entry_icy,
          enter_bailey_1, chequers_decorated_corner, uniq_grum, uniq_maggie
D:10:     layout_loops_ring, mainiacjoe_overflow_six_doors_small
D:11:     layout_basic, erik_orc_4, trove_entry_hex_spiral, the_hattery,
          uniq_fannar
D:12:     layout_irregular_city, uniq_snorg, uniq_azrael, uniq_maurice
D:13:     layout_cave_pods, david_vaults_4, serial_shops, shop, minmay_circle_x,
          uniq_lodul
D:14:     layout_loops_corners, nrook_uturn
D:15:     hangedman_depths_entry_civil_slaughter, layout_basic,
          nicolae_figureground_sparkle
Temple:   hellmonk_temple_of_storms
Lair:1:   layout_misc_corridors, chequers_serial_rivers_micro_a,
          cheibrodos_lair_caveside_slide, serial_bayou_shore_b
Lair:2:   layout_concentric_octagons, elwin_shoals_entry_stream,
          nicolae_spider_entry_non_spiders, chequers_serial_rivers_micro_e,
          minivault_19
Lair:3:   nzn_winding_woodlands_small [nzn_winding_woodlands_5x15_default,
          nzn_winding_woodlands_center_pierced_h,
          nzn_winding_woodlands_5x15_lazy_stream], layout_hall_layers,
          serial_bayou_pond_d, nicolae_quartered_pool_medium,
          minmay_shattered_shrine, serial_bayou_shore_b
Lair:4:   regret_index_tunnel_blossom, layout_cave_shapes,
          portal_ice_cave_demonic_guard, serial_bayou_pond_b
Lair:5:   evil_forest, layout_hall_layers, dpeg_slime_entry_corner,
          serial_bayou_shore_a
Shoals:1: layout_shoals, lemuel_oklob_altar
Shoals:2: layout_shoals, wheals_shoals_ruined_temple
Shoals:3: layout_shoals, uniq_polyphemus
Shoals:4: shoals_end_grunt_ice, layout_shoals, uniq_bai_suzhen, uniq_nikola
Spider:1: layout_spider_delve, nicolae_spider_twisty_arc_passages, uniq_donald
Spider:2: layout_spider_delve
Spider:3: layout_spider_delve
Spider:4: grunt_spider_rune_island, ebering_ghost_rock_garden
Slime:1:  layout_caves
Slime:2:  layout_caves, uniq_dissolution
Slime:3:  layout_caves
Slime:4:  layout_caves
Slime:5
Orc:1:    cheibrodos_orc_bank, layout_caves
Orc:2:    grunt_orc_tribal_feast, layout_caves, basic_altar,
          nicolae_shop_vocational
Elf:1:    layout_geoelf_diagonals, minmay_elf_demonology
Elf:2:    elven_hall_of_blades_hangedman_original
          [nicolae_blade_entry_crossed_weapons], layout_loops_corners,
          serial_shops, nicolae_shop_crystal
Elf:3:    elf_hall_gauntlet_wide, layout_loops_cross, hex_large,
          nicolae_elf_crossing_hall
Vaults:1: gammafunk_ghost_fury_of_okawaru, v_rooms_5, v_misc_16,
          nicolae_vaults_network_barrier, nicolae_vaults_stairing_the_circle,
          v_misc_14, nicolae_vaults_network_square, v_misc_15,
          nicolae_vaults_asterisk, vaults_room_stairs_pillars, v_pattern_4,
          v_misc_25, nicolae_vaults_holding_cells,
          nicolae_vaults_little_squares_1, vaults_dpeg_cross,
          nicolae_vaults_border_crossing, layout_vaults_ring, uniq_saint_roka
Vaults:2: nicolae_vaults_little_squares_3, vaults_mumra_bighexcomb, v_misc_33,
          v_misc_25, vaults_room_door_ring, vaults_room_pools,
          layout_vaults_quadrants, uniq_zenata
Vaults:3: ontoclasm_vaults_loading_screen, ontoclasm_vaults_gallery, v_misc_14,
          v_misc_2, minmay_crypt_entry_simple_box, nicolae_vaults_little_ls,
          v_misc_13, hangedman_vaults_pinch, grunt_vaults_funnel,
          hangedman_vaults_trim, ontoclasm_vaults_ring_small, v_misc_31,
          vaults_room_grid, ontoclasm_vaults_shuriken,
          nicolae_vaults_network_quinsquares
          [nicolae_vaults_network_quincunx_subvault,
          nicolae_vaults_network_quincunx_subvault,
          nicolae_vaults_network_quincunx_subvault,
          nicolae_vaults_network_quincunx_subvault], layout_vaults_omnibox,
          serial_shops, shop, nicolae_shop_behind_doors, shop,
          nicolae_shop_hallway_stairs
Vaults:4: ontoclasm_vaults_gateway, nicolae_vaults_network_star,
          nicolae_vaults_network_s, hangedman_vaults_trim, v_pattern_1,
          vaults_room_fours, layout_vaults_big_cross, serial_shops, shop
Vaults:5: uniq_sojobo
Crypt:1:  layout_regular_city, basic_altar, lemuel_freeze_loot_1,
          grunt_megastairs_3
Crypt:2:  layout_catacombs, minmay_misc_feat_rows, st_stairs_12, fountainhead,
          uniq_khufu
Crypt:3:  church_of_pain_bobbens, layout_chaotic_city,
          nicolae_tomb_entry_grand_gallery, corner_web_ring,
          wad_floor_pattern_untrapped, grunt_ministairs_7
Depths:1: layout_long_grid, nicolae_elyvilon_peaceful_grove,
          pf_hell_entry_tar_spiral, nicolae_hepliaklqana_hippocampus,
          nicolae_triple_integral
Depths:2: lemuel_traditional_vault, layout_basic, enter_ziggurat_d,
          grunt_decor_one_mirror, serial_shops, shop, rand_demon_pan_entry_3,
          abyss_entry, hangedman_coc_ice_floe, led_xom_imps, uniq_josephina
Depths:3: hangedman_arch_fort, layout_cave_pools, minmay_room_of_horrors,
          rand_demon_pan_entry_9, hell_entry, minmay_misc_feat_iff
Depths:4: grunt_zot_entry_tricorne, layout_cave_pools, hell_entry, pan_entry,
          minmay_statues_item, kennysheep_vampire_church, uniq_jory
Zot:1:    ebering_greatest_show_in_zot, layout_misc_corridors, st_stairs_5,
          guppyfry_library_mini
Zot:2:    layout_basic, bh_zot_lava_cross, st_stairs_12, uniq_vv
Zot:3:    layout_basic, st_single_dragon_hoard_1, drop_trap, zot_minivault_1,
          grunt_megastairs_1
Zot:4:    layout_gridlike
Zot:5:    layout_misc_corridors

Skill      XL: |  1  2  3  4  5  6  7  8  9 10 11 12 13 14 15 16 17 18 19 20 21 22 23 24 25 26 27 |
---------------+----------------------------------------------------------------------------------+-----
Fighting       | 1 2 3 4 5 6 7 9 10 11 12 13 14 15 16 17 19 20 22 24 | 24.7
Spellcasting   | 3 4 5 7 8 9 10 11 | 11.5
Dodging        | 2 4 6 7 9 10 11 12 | 12.1
Conjurations   | 5 6 7 8 10 14 15 16 17 18 20 21 22 25 | 25.8
Earth Magic    | 1 2 5 6 7 8 10 11 | 11.5
Shields        | 4 5 |  5.0
Hexes          | 2 4 5 |  5.0
Maces & Flails | 3 6 8 9 10 11 12 | 12.0
Armour         | 4 7 9 10 11 12 13 15 16 18 22 | 22.7
Fire Magic     | 3 11 15 18 19 20 21 22 23 26 | 26.2
Necromancy     | 2 6 |  6.5
Stealth        | |  2.1

Action                   |  1- 3 |  4- 6 |  7- 9 | 10-12 | 13-15 | 16-18 | 19-21 | 22-24 | 25-27 || total
-------------------------+-------+-------+-------+-------+-------+-------+-------+-------+-------++-------
Melee: Dagger            |    12 |       |    38 |       |       |       |       |       |       ||    50
       Unarmed           |     1 |       |       |       |       |       |       |       |       ||     1
       Demon whip        |       |       |       |   170 |   458 |    38 |   531 |    41 |   551 ||  1789
       Flail             |       |       |       |       |       |   299 |       |       |       ||   299
       Staff             |       |       |       |       |       |       |    82 |    11 |    13 ||   106
       Mace              |       |       |       |       |       |       |       |   563 |   113 ||   676
 Cast: Magic Dart        |    86 |   102 |   147 |   351 |   330 |    77 |       |       |       ||  1093
       Searing Ray       |       |     5 |    18 |    20 |    18 |       |       |       |       ||    61
       Stone Arrow       |       |     1 |    11 |   226 |   784 |   364 |    89 |     7 |       ||  1482
       Iron Shot         |       |       |       |       |       |    29 |   238 |   654 |   569 ||  1490
       Fireball          |       |       |       |       |       |   334 |   119 |   104 |    80 ||   637
       Ignition          |       |       |       |       |       |       |    71 |    82 |   152 ||   305
       Orb of Destructio |       |       |       |       |       |       |     1 |     2 |    28 ||    31
       Borgnjor's Vile C |       |       |       |       |       |       |       |    68 |    46 ||   114
       Fire Storm        |       |       |       |       |       |       |       |       |    44 ||    44
Evoke: Wand              |       |       |       |    12 |    30 |     4 |       |    20 |     4 ||    70
       Box of beasts     |       |       |       |       |       |       |     1 |     4 |     1 ||     6
       Phantom mirror    |       |       |       |       |       |       |       |     3 |     1 ||     4
       Condenser vane    |       |       |       |       |       |       |       |       |     2 ||     2
  Use: Scroll            |       |     6 |     5 |    21 |    16 |    16 |     9 |    11 |    18 ||   102
       Potion            |       |       |       |     7 |     2 |     8 |     3 |     8 |    19 ||    47
 Stab: Distracted        |       |       |       |       |       |       |       |     2 |     1 ||     3
Armor: Robe              |    13 |     6 |    23 |    19 |       |       |       |       |       ||    61
       Steam dragon scal |       |       |       |   187 |       |       |       |       |       ||   187
       Swamp dragon scal |       |       |       |    13 |   551 |       |    11 |   732 |   885 ||  2192
       Ring mail         |       |       |       |       |    56 |   584 |   474 |       |       ||  1114
Dodge: Dodged            |    13 |    11 |    51 |   340 |   779 |   596 |   263 |   522 |   741 ||  3316
Block: Buckler           |       |       |     7 |   104 |   190 |   213 |   248 |   387 |   504 ||  1653
       Reflection        |       |       |       |       |       |    12 |    28 |    11 |    17 ||    68

Table legend: (Time is in decaauts)
 A = Elapsed time spent in this place.
 B = Non-inter-level travel time spent in this place.
 C = Inter-level travel time spent in this place.
 D = Time resting spent in this place.
 E = Time spent auto-exploring this place.
 F = Levels seen in this place.
 G = Mean time per level.
                   A        B        C        D        E       F      G
               +--------+--------+--------+--------+--------+-----+--------+
         Total | 142008 | 133434 |   8574 |  68804 |  48353 |  59 | 2406.9 |
       Dungeon |  24562 |  22050 |   2512 |   8089 |  11131 |  15 | 1637.5 |
        Temple |     44 |     35 |      9 |      0 |     22 |   1 |   44.0 |
          Lair |  17944 |  16651 |   1293 |   8674 |   5864 |   5 | 3588.8 |
        Shoals |  10418 |  10188 |    230 |   5023 |   4194 |   4 | 2604.5 |
   Spider Nest |  10558 |  10080 |    478 |   5722 |   3062 |   4 | 2639.5 |
    Slime Pits |   2451 |   2409 |     42 |   1988 |      0 |   5 |  490.2 |
  Orcish Mines |   3512 |   3241 |    271 |   1831 |    939 |   2 | 1756.0 |
   Elven Halls |   5312 |   5179 |    133 |   1801 |   2824 |   3 | 1770.7 |
        Vaults |  19162 |  17658 |   1504 |   8048 |   7847 |   5 | 3832.4 |
         Crypt |  13482 |  13110 |    372 |   7756 |   3526 |   3 | 4494.0 |
        Depths |  17812 |  16600 |   1212 |  11349 |   3542 |   4 | 4453.0 |
           Zot |  13143 |  12630 |    513 |   6543 |   4559 |   5 | 2628.6 |
         Abyss |    171 |    171 |      0 |      0 |      0 |   1 |  171.0 |
        Bailey |   1829 |   1829 |      0 |   1026 |    411 |   1 | 1829.0 |
      Ice Cave |   1600 |   1600 |      0 |    952 |    431 |   1 | 1600.0 |
               +--------+--------+--------+--------+--------+-----+--------+

Top non-repeatable levels by time:
Depths:2: 8038 daAuts
Vaults:4: 6178 daAuts
  Lair:3: 5391 daAuts
 Crypt:1: 5061 daAuts
 Crypt:3: 4960 daAuts
  Lair:4: 4791 daAuts
Depths:3: 4776 daAuts
Spider:3: 4512 daAuts
Shoals:3: 4176 daAuts
Vaults:1: 3895 daAuts
  Lair:5: 3875 daAuts
   Zot:5: 3751 daAuts
   Zot:1: 3701 daAuts
 Crypt:2: 3460 daAuts
Depths:4: 3353 daAuts
